 Dungeon Crawl Stone Soup version 0.26.0-10-g1f06aea511 (webtiles) character file.

Game seed: 2630782582160313875

3192 tsouns the Cleaver (level 9, -5/84 HPs)
             Began as a Hill Orc Wanderer on Jan 21, 2021.
             Was an Initiate of Okawaru.
             Slain by an orc warrior
             ... wielding a +0 trident
              (14 damage)
             ... on level 7 of the Dungeon.
             The game lasted 00:13:00 (8036 turns).

tsouns the Cleaver (Hill Orc Wanderer)              Turns: 8036, Time: 00:13:01

Health: -5/84      AC: 16    Str: 16    XL:     9   Next: 96%
Magic:  0/9        EV:  8    Int: 13    God:    Okawaru [......]
Gold:   349        SH:  7    Dex: 11    Spells: 7/8 levels left

rFire    . . .     SeeInvis +   r - +0 war axe
rCold    . . .     Faith    .   o - +0 kite shield
rNeg     . . .     Spirit   +   I - +0 steam dragon scales
rPois    .         Reflect  .   (no helmet)
rElec    .         Harm     .   H - +1 cloak
rCorr    .         Rampage  .   (no gloves)
Will     .....                  G - +2 pair of boots
Stlth    +.........             F - amulet of guardian spirit
HPRegen  0.24/turn              m - ring of see invisible
MPRegen  0.11/turn              y - +4 ring of protection

@: lethally poisoned (-5 -> -6), hasted, very quick
A: no striking features
a: Renounce Religion


You were on level 7 of the Dungeon.
You worshipped Okawaru.
Okawaru was noncommittal.
You visited 1 branch of the dungeon, and saw 7 of its levels.

You collected 349 gold pieces.

Inventory:

Hand Weapons
 a - a +2 mace
 b - a +0 hand crossbow
 p - a +1 hand axe
 r - a +0 war axe (weapon)
Missiles
 c - 75 bolts
 x - 23 poisoned darts (quivered)
 L - a throwing net
Armour
 o - a +0 kite shield (worn)
 G - a +2 pair of boots (worn)
 H - a +1 cloak (worn)
 I - +0 steam dragon scales (worn)
Jewellery
 g - an uncursed ring of protection from fire
 m - a ring of see invisible (left hand)
 y - a +4 ring of protection (right hand)
 A - an uncursed amulet of the acrobat {unknown}
 B - an uncursed ring of positive energy
 F - an amulet of guardian spirit (around neck)
Wands
 d - a wand of random effects (12)
 h - a wand of paralysis (16)
 E - a wand of digging (4)
Scrolls
 j - 8 scrolls of remove curse
 l - a scroll of enchant weapon
 s - a scroll of fog
 C - a scroll of amnesia
 J - a scroll of brand weapon {unknown}
Potions
 e - 2 potions of magic {unknown}
 f - a potion of experience {unknown}
 i - 4 potions of brilliance
 k - a potion of haste
 n - a potion of resistance
 q - a potion of ambrosia
 t - a potion of mutation {unknown}
 u - a potion of cancellation {unknown}
 v - 2 potions of degeneration {unknown}
 w - 2 potions of lignification {unknown}
 z - 4 potions of flight {unknown}
 K - a potion of curing {unknown}


   Skills:
 + Level 9.5 Fighting
 * Level 12.3 Axes
 - Level 1.1(6.7) Maces & Flails
 + Level 7.7 Armour
 - Level 1.1 Shields
 - Level 1.0 Evocations


You had 7 spell levels left.
You knew the following spells:

 Your Spells              Type           Power        Failure   Level
a - Animate Skeleton      Necr           0%           88%         1

Your spell library contained the following spells:

 Spells                   Type           Power        Failure   Level
 Pain                     Necr           0%           88%         1
 Vampiric Draining        Necr           0%           99%         3
 Animate Dead             Necr           0%           100%        4
 Agony                    Necr           0%           100%        5


Dungeon Overview and Level Annotations

Branches:
Dungeon (7/15)
 Temple: D:4-7

Altars:
Okawaru
Zin


Message History

You block the orc warrior's attack.
The orc warrior hits you with a +0 trident!!
* * * LOW HITPOINT WARNING * * *
You slash the orc warrior!
The orc warrior is heavily wounded.
You feel sick.
You feel yourself speed up. You block the orc warrior's attack.
You closely miss the orc warrior.
The orc warrior is moderately wounded.
The orc warrior hits you with a +0 trident!
* * * LOW HITPOINT WARNING * * *
You hit the orc warrior but do no damage.
The orc warrior is moderately wounded.
You feel sick. You block the orc warrior's attack.
You closely miss the orc warrior.
The orc warrior is moderately wounded.
You closely miss the orc warrior.
The orc warrior is moderately wounded.
The orc warrior hits you with a +0 trident!
You die...

#..........#
#......#####
#..#.#.#
#......#
#..#...#
#..#..>#
#..########
#####..#)......
........@o.(....
#########)######
.# .# .# ##


You could see an orc warrior.

Vanquished Creatures
  Pikel (D:6)
  Maggie (D:6)
  Menkaure (D:7)
  An orc warrior (D:7)
  A sky beast (D:5)
  A black bear (D:5)
  2 ice beasts (D:6)
  6 ogres
  2 centaurs (D:5)
  Blork the orc (D:6)
  A big kobold (D:7)
  A bullfrog (D:6)
  A scorpion (D:6)
  3 wights (D:6)
  An electric eel (D:6)
  A howler monkey (D:4)
  4 hounds
  6 orc wizards
  A centaur skeleton (D:4)
  4 iguanas
  3 worker ants
  A worker ant zombie (D:7)
  4 gnolls (D:4)
  9 adders
  A shadow imp (D:5)
  An ufetubus (D:6)
  4 oozes
  2 adder skeletons
  An adder zombie (D:6)
  4 worms
  6 dart slugs
  4 leopard geckos
  17 orcs
  2 ball pythons (D:3)
  2 giant cockroaches
  8 goblins
  6 hobgoblins
  5 jackals
  12 kobolds
  6 quokkas
  A ball python skeleton (D:6)
  10 bats
  6 frilled lizards
  A quokka skeleton (D:4)
  6 rats
162 creatures vanquished.

Notes
Turn   | Place    | Note
-------+----------+-------------------------------------------
     0 | D:1      | tsouns the Hill Orc Wanderer began the quest for the Orb.
     0 | D:1      | tsouns set off with the following items: a +2 mace, a +0
                  | hand crossbow, 24 bolts, a wand of random effects (15), a
                  | +0 robe
     0 | D:1      | Reached XP level 1. HP: 22/22 MP: 1/1
   120 | D:1      | Reached skill level 2 in Axes
   192 | D:1      | Reached XP level 2. HP: 28/28 MP: 2/2
   241 | D:1      | Reached skill level 5 in Fighting
   429 | D:1      | Reached XP level 3. HP: 22/36 MP: 3/3
   619 | D:2      | Reached skill level 3 in Axes
  1143 | D:2      | Reached XP level 4. HP: 25/42 MP: 4/4
  1452 | D:2      | Reached skill level 4 in Axes
  2298 | D:3      | Reached XP level 5. HP: 48/48 MP: 5/5
  2986 | D:4      | Noticed an ogre
  3013 | D:4      | Killed an ogre
  3014 | D:4      | Reached skill level 5 in Axes
  3014 | D:4      | Reached XP level 6. HP: 39/57 MP: 6/6
  3269 | D:4      | Reached skill level 6 in Axes
  3690 | D:4      | Reached XP level 7. HP: 58/64 MP: 7/7
  3875 | D:4      | Reached skill level 7 in Axes
  4466 | D:5      | Entered Level 5 of the Dungeon
  4503 | D:5      | Reached skill level 5 in Armour
  4718 | D:5      | Reached skill level 8 in Axes
  4718 | D:5      | Reached XP level 8. HP: 65/73 MP: 8/8
  5080 | D:5      | Reached skill level 9 in Axes
  6059 | D:6      | Learned a level 1 spell: Animate Skeleton
  6087 | D:6      | Found a glowing silver altar of Zin.
  6174 | D:6      | Reached skill level 10 in Axes
  6413 | D:6      | Noticed Pikel
  6433 | D:6      | Paralysed by Pikel for 3 turns
  6440 | D:6      | Killed Pikel
  6441 | D:6      | Reached XP level 9. HP: 76/82 MP: 9/9
  6514 | D:6      | Reached skill level 11 in Axes
  6763 | D:6      | Noticed Maggie
  6775 | D:6      | Killed Maggie
  7014 | D:6      | Noticed Blork the orc
  7030 | D:6      | Killed Blork the orc
  7203 | D:7      | Noticed Menkaure
  7210 | D:7      | Killed Menkaure
  7681 | D:7      | Reached skill level 12 in Axes
  7795 | D:7      | Found an iron altar of Okawaru.
  7811 | D:7      | Became a worshipper of Warmaster Okawaru
  8036 | D:7      | Slain by an orc warrior

Illustrated notes

Levels and vault maps discovered:
D:1:      lightli_molten_gateway, layout_rooms
D:2:      layout_rooms
D:3:      layout_loops_ring, chequers_jeans, grunt_ministairs_4, minmay_puff
D:4:      layout_basic, enter_ossuary_2, minmay_close_crescents
D:5:      layout_gridville, minmay_fractal_squares_5
D:6:      layout_loops_cross, zin_scriptorium, kennysheep_generic_room_2,
          uniq_maggie, uniq_pikel, uniq_blork_the_orc
D:7:      layout_basic, minmay_temple_entry_nine_rooms, okawaru_trees_1,
          uniq_menkaure

Skill      XL: |  1  2  3  4  5  6  7  8  9 |
---------------+----------------------------+-----
Axes           | 2 3 4 5 6 8 10 12 | 12.3
Fighting       | 5 6 7 8 9 |  9.5
Armour         | 3 4 5 6 7 |  7.7
Maces & Flails | |  1.1
Shields        | |  1.1
Evocations     | |  1.0

Action                   |  1- 3 |  4- 6 |  7- 9 || total
-------------------------+-------+-------+-------++-------
Melee: Mace              |    41 |       |       ||    41
       Hand axe          |    62 |   107 |       ||   169
       War axe           |       |   111 |   322 ||   433
Throw: Dart              |       |     3 |     9 ||    12
Evoke: Wand              |       |       |     4 ||     4
  Use: Scroll            |       |    12 |     5 ||    17
       Potion            |       |     1 |     3 ||     4
 Stab: Paralysed         |       |       |     3 ||     3
       Confused          |       |       |     1 ||     1
Armor: Scale mail        |    50 |   130 |   128 ||   308
       Robe              |     2 |       |       ||     2
       Steam dragon scal |       |       |    39 ||    39
Dodge: Dodged            |    28 |    67 |    87 ||   182
Block: Kite shield       |    28 |    87 |   105 ||   220
